 Dungeon Crawl Stone Soup version 0.27.1-33-g824d729ab1 (webtiles) character file.

Game seed: 12436419777950307765

825 alasdair19 the Slasher (level 7, -1/61 HPs)
             Began as a Minotaur Fighter on Dec 12, 2021.
             Slain by an iguana (9 damage)
             ... on level 4 of the Dungeon.
             The game lasted 00:09:08 (3662 turns).

alasdair19 the Slasher (Minotaur Fighter)           Turns: 3662, Time: 00:09:08

Health: -1/61      AC:  8    Str: 21    XL:     7   Next: 64%
Magic:  6/6        EV:  8    Int:  6    God:
Gold:   150        SH: 10    Dex: 10    Spells: 6/6 levels left

rFire    . . .     SeeInvis .   a - +0 long sword
rCold    . . .     Faith    .   c - +0 kite shield
rNeg     . . .     Spirit   .   b - +0 scale mail
rPois    .         Reflect  .   (helmet restricted)
rElec    .         Harm     .   f - +0 cloak
rCorr    .         Rampage  .   (no gloves)
Will     .....                  (no boots)
Stlth    ..........             (no amulet)
HPRegen  0.20/turn              (no ring)
MPRegen  0.10/turn              (no ring)

@: no status effects
A: horns 2, retaliatory headbutt
a: no special abilities


You were on level 4 of the Dungeon.
You visited 1 branch of the dungeon, and saw 4 of its levels.

You collected 150 gold pieces.

Inventory:

Hand Weapons
 a - a +0 long sword (weapon)
Missiles
 d - 2 boomerangs of dispersal
 o - 14 poisoned darts (quivered)
Armour
 b - a +0 scale mail (worn)
 c - a +0 kite shield (worn)
 f - a +0 cloak (worn)
Wands
 k - a wand of polymorph (13)
Scrolls
 e - a scroll of amnesia
 g - a scroll of vulnerability {unknown}
 i - a scroll of torment {unknown}
 j - a scroll of blinking {unknown}
 l - a scroll of enchant weapon {unknown}
 m - a scroll of teleportation {unknown}
 p - 4 scrolls of immolation {unknown}
Potions
 h - a potion of flight


   Skills:
 + Level 5.1 Fighting
 + Level 6.3 Long Blades
 + Level 3.0 Throwing
 + Level 5.7 Armour
 + Level 5.8 Shields
 * Level 0.1 Evocations


You had 6 spell levels left.
You didn't know any spells.
Your spell library contained the following spells:

 Spells                   Type           Power      Damage    Failure   Level
 Foxfire                  Conj/Fire      0%         2x1d4     99%         1
 Conjure Flame            Conj/Fire      0%         6-21      100%        3
 Inner Flame              Hex/Fire       0%         N/A       100%        3


Dungeon Overview and Level Annotations

Branches:
Dungeon (4/15)
 Temple: D:4-7

Altars:
Trog
Wu Jian

Shops:
D:3 (

Annotations:
D:4 2 transporters, Edmund


Innate Abilities, Weirdness & Mutations

You have a pair of horns on your head.
You reflexively headbutt those who attack you in melee.


Message History

Edmund is moderately wounded.
You block the iguana's attack.
You hit Edmund.
Edmund is moderately wounded.
You block Edmund's attack. The iguana bites you!
You hit Edmund. Your headbutt misses Edmund.
Edmund is heavily wounded.
You block Edmund's attack. The iguana bites you.
Edmund hits you with a +1 flail of protection.
You hit Edmund.
Edmund is heavily wounded.
The iguana bites you but does no damage.
Edmund hits you with a +1 flail of protection.
You hit Edmund but do no damage.
Edmund is heavily wounded.
You block the iguana's attack. Edmund barely misses you.
You block the iguana's attack.
You hit Edmund but do no damage.
Edmund is heavily wounded.
Edmund hits you with a +1 flail of protection.
The iguana closely misses you.
You hit Edmund but do no damage.
Edmund is heavily wounded.
Edmund hits you with a +1 flail of protection.
* * * LOW HITPOINT WARNING * * *
The iguana bites you but does no damage.
Edmund hits you with a +1 flail of protection!
* * * LOW HITPOINT WARNING * * *
You feel better. You block the iguana's attack.
Edmund hits you with a +1 flail of protection.
* * * LOW HITPOINT WARNING * * *
You hit Edmund but do no damage.
Edmund is heavily wounded.
The iguana bites you but does no damage.
Edmund hits you with a +1 flail of protection.
* * * LOW HITPOINT WARNING * * *
You barely miss Edmund.
Edmund is heavily wounded.
You block the iguana's attack. You block Edmund's attack. The iguana bites you!
You die...

.##### # #.....# # #
######......##### #
.##...............# # ....##..[..
.....# ### #..##... .....#
..######..##>#####.....#
.(.............@@l.....#
#.........###.####.....#
########.## #.## ###### #######
##### #.# #..# #......
....####.#####'############......
.....................†...........
###......####...###.############'
....###### #...# #.# #. ###†#
###.###.# #.


You could see Edmund and an iguana.

Vanquished Creatures
  Grinder (D:3)
  Sigmund (D:3)
  A phantom (D:4)
  A bullfrog (D:2)
  A scorpion (D:4)
  A hound (D:4)
  Crazy Yiuf (D:3)
  An iguana (D:4)
  A howler monkey zombie (D:4)
  Robin (D:3)
  5 gnolls
  2 adders (D:2)
  A worm (D:3)
  2 dart slugs
  8 orcs
  6 ball pythons
  4 bats
  12 endoplasms
  7 giant cockroaches
  10 goblins
  8 hobgoblins
  7 jackals (D:1)
  7 kobolds
  5 quokkas
  3 frilled lizards (D:1)
  4 rats
101 creatures vanquished.

Notes
Turn   | Place    | Note
-------+----------+-------------------------------------------
     0 | D:1      | alasdair19 the Minotaur Fighter began the quest for the
                  | Orb.
     0 | D:1      | Reached XP level 1. HP: 19/19 MP: 0/0
    44 | D:1      | Reached XP level 2. HP: 20/27 MP: 1/1
   459 | D:1      | Reached XP level 3. HP: 31/33 MP: 2/2
   683 | D:1      | Reached skill level 3 in Long Blades
  1332 | D:2      | Reached XP level 4. HP: 40/40 MP: 3/3
  2041 | D:3      | Noticed a bullfrog
  2048 | D:2      | Killed a bullfrog
  2049 | D:2      | Reached skill level 4 in Long Blades
  2049 | D:2      | Reached skill level 1 in Throwing
  2049 | D:2      | Reached XP level 5. HP: 39/47 MP: 4/4
  2154 | D:3      | Noticed Grinder
  2167 | D:3      | Killed Grinder
  2168 | D:3      | Reached skill level 5 in Armour
  2168 | D:3      | Reached skill level 5 in Shields
  2168 | D:3      | Reached XP level 6. HP: 53/53 MP: 5/5
  2223 | D:3      | Found a faded altar of an unknown god.
  2270 | D:3      | Found a bloodstained altar of Trog.
  2375 | D:3      | Noticed Robin
  2384 | D:3      | Killed Robin
  2385 | D:3      | Reached skill level 5 in Long Blades
  2503 | D:3      | Noticed Sigmund
  2517 | D:3      | Killed Sigmund
  2518 | D:3      | Reached XP level 7. HP: 53/60 MP: 6/6
  2569 | D:3      | Found Vaby's Weapon Shoppe.
  2583 | D:3      | Found an ornate altar of the Wu Jian Council.
  2687 | D:3      | Found a runed translucent door.
  2688 | D:3      | Noticed Crazy Yiuf
  2697 | D:3      | Killed Crazy Yiuf
  3012 | D:4      | Found a transporter.
  3013 | D:4      | Noticed a kobold demonologist
  3022 | D:4      | Found a transporter.
  3080 | D:4      | Reached skill level 5 in Fighting
  3080 | D:4      | Reached skill level 6 in Long Blades
  3626 | D:4      | Noticed Edmund
  3662 | D:4      | Slain by an iguana

Illustrated notes

Levels and vault maps discovered:
D:1:      lightli_arrival_chessboard, layout_loops_corners
D:2:      layout_loops_ring
D:3:      layout_rooms, mainiacjoe_overflow_tiny_flanked, bloody_trog,
          hellmonk_ecumenical_altar_heavens_door, serial_shops,
          nicolae_shop_trees, uniq_sigmund, uniq_grinder,
          uniq_crazy_yiuf_cottage, uniq_robin
D:4:      gammafunk_wand_slinger, layout_basic, uniq_edmund

Skill      XL: |  1  2  3  4  5  6  7 |
---------------+----------------------+-----
Armour         | 4 5 |  5.7
Fighting       | 4 5 |  5.1
Shields        | 4 5 |  5.8
Long Blades    | 3 4 5 6 |  6.3
Throwing       | 1 2 3 |  3.0
Evocations     | |  0.1

Action                   |  1- 3 |  4- 6 |  7- 9 || total
-------------------------+-------+-------+-------++-------
Melee: Long sword        |    89 |    93 |    62 ||   244
       Headbutt          |    11 |     8 |    10 ||    29
Throw: Dart              |       |     5 |    12 ||    17
  Use: Scroll            |       |     3 |     1 ||     4
       Potion            |       |     1 |     1 ||     2
Armor: Scale mail        |    30 |    39 |    21 ||    90
Dodge: Dodged            |    28 |    38 |    16 ||    82
Block: Kite shield       |    51 |    62 |    37 ||   150
       Rpst.: Long sword |     9 |    13 |     4 ||    26
